 Dungeon Crawl Stone Soup version 0.23.2-40-g277498a001 (webtiles) character file.

Game seed: 15537061055818938758

93 ANON1729 the Slasher (level 4, 0/38 HPs)
             Began as a Minotaur Gladiator on Oct 19, 2019.
             Slain by a water moccasin zombie (4 damage)
             ... on level 5 of the Dungeon.
             The game lasted 00:01:55 (494 turns).

ANON1729 the Slasher (Minotaur Gladiator)            Turns: 494, Time: 00:01:56

Health: 0/38       AC:  3    Str: 18    XL:     4   Next: 36%
Magic:  3/3        EV: 13    Int:  6    God:
Gold:   31         SH:  0    Dex: 12    Spells: 3/3 levels left

rFire    . . .     SeeInvis .   a - +0 long sword
rCold    . . .     Gourm    .   (no shield)
rNeg     . . .     Faith    .   b - +0 leather armour
rPois    .         Spirit   .   c - +0 hat
rElec    .         Reflect  .   (no cloak)
rCorr    .         Harm     .   (no gloves)
MR       .....                  (no boots)
Stlth    +.........             (no amulet)
HPRegen  0.12/turn              (no ring)
MPRegen  0.08/turn              (no ring)

@: lethally poisoned (0 -> -2), flying, glowing
A: retaliatory headbutt, horns 2
a: no special abilities


You were on level 5 of the Dungeon.
You were not hungry.

You visited 1 branch of the dungeon, and saw 5 of its levels.

You collected 31 gold pieces.

Inventory:

Hand Weapons
 a - a +0 long sword (weapon)
Missiles
 d - 3 throwing nets (quivered)
Armour
 b - a +0 leather armour (worn)
 c - a +0 hat (worn)
Scrolls
 h - a scroll of remove curse {unknown}
 k - a scroll of enchant armour {unknown}
 m - a scroll of random uselessness {unknown}
Potions
 e - a potion of flight
 g - a potion of haste {unknown}
 i - a potion of brilliance {unknown}
 j - a potion of heal wounds {unknown}
 l - 2 potions of curing {unknown}
 n - a potion of might {unknown}
Comestibles
 f - a ration


   Skills:
 + Level 3.4 Fighting
 + Level 4.4 Long Blades
 + Level 2.9 Throwing
 + Level 4.0 Dodging


You had 3 spell levels left.
You didn't know any spells.
Your spell library was empty.

Dungeon Overview and Level Annotations

Branches:
Dungeon (5/15)
 Temple: D:4-7

Altars:


Innate Abilities, Weirdness & Mutations

You reflexively headbutt those who attack you in melee.
You have a pair of horns on your head.


Message History

The gnoll shaman mumbles some strange prayers to its god against you.
You are outlined in light.
You feel sick. The water moccasin zombie bites you.
* * * LOW HITPOINT WARNING * * *
You feel sick.
Found a flail and a ring mail.
An adder comes into view.
The adder hisses angrily.
You feel sick. The adder bites you.
* * * LOW HITPOINT WARNING * * *
The water moccasin zombie bites you.
* * * LOW HITPOINT WARNING * * *
Found an amethyst potion.
The adder bites you but does no damage.
It was a potion of flight.
You feel very buoyant.
You fly up into the air.
The adder barely misses you. The water moccasin zombie bites you.
You die...

#... .#...
......#####
......#...#
.!..[.#...
.........# ##
.........###.#
.......@..##.#
.......SZ....##
.....###.g##..##
.... ###..#...##
...
..#...g.....#### ..
.........g......# .
............##.##
.....##.........###
....) #.....##....#


You could see a gnoll shaman, 2 gnolls, an adder and a water moccasin zombie.

Vanquished Creatures
  A worker ant (D:5)
  4 adders (D:2)
  A leopard gecko (D:1)
  A ball python (D:2)
  4 bats (D:2)
  A giant cockroach (D:2)
  2 goblins
  3 hobgoblins
  9 jackals
  2 kobolds
  2 frilled lizards
  2 rats
32 creatures vanquished.

Notes
Turn   | Place    | Note
-------+----------+-------------------------------------------
     0 | D:1      | ANON1729 the Minotaur Gladiator began the quest for the
                  | Orb.
     0 | D:1      | Reached XP level 1. HP: 18/18 MP: 0/0
   123 | D:1      | Reached XP level 2. HP: 25/25 MP: 1/1
   173 | D:2      | Reached XP level 3. HP: 28/31 MP: 2/2
   453 | D:3      | Reached XP level 4. HP: 38/38 MP: 3/3
   457 | D:4      | Noticed an ogre
   470 | D:5      | Entered Level 5 of the Dungeon
   494 | D:5      | Slain by a water moccasin zombie

Skill      XL: |  1  2  3  4 |
---------------+-------------+-----
Long Blades    | 4 |  4.4
Fighting       | 3 |  3.4
Dodging        | 4 |  4.0
Throwing       | |  2.9

Action                   |  1- 3 |  4- 6 || total
-------------------------+-------+-------++-------
Melee: Long sword        |    42 |     4 ||    46
       Headbutt          |     5 |     1 ||     6
  Use: Potion            |       |     1 ||     1
Armor: Leather armour    |    10 |     5 ||    15
Dodge: Dodged            |    40 |    11 ||    51
       Rpst.: Long sword |     9 |     6 ||    15
